 Dungeon Crawl Stone Soup version 0.28.0-1-gb440e238dd (webtiles) character file.

Game seed: 16618562712566585024

2266 Cykl0x the Digger (level 9, -1/52 HPs)
             Began as a Gargoyle Earth Elementalist on Feb 19, 2022.
             Was a Follower of the Shining One.
             Slain by an orc knight (15 damage)
             ... in a bailey.
             The game lasted 00:15:32 (8269 turns).

Cykl0x the Digger (Gargoyle Earth Elementalist)     Turns: 8269, Time: 00:15:32

Health: -1/52      AC: 15    Str: 14    XL:     9   Next: 38%
Magic:  1/15       EV: 10    Int: 18    God:    the Shining One [*.....]
Gold:   539        SH:  4    Dex:  8    Spells: 13/17 levels left

rFire   . . .      SeeInvis .   h - +1 long sword
rCold   . . .      Faith    .   o - +1 buckler
rNeg    + . .      Spirit   .   w - +1 ring mail of the Eternal Void {Rampage rElec Dex-2}
rPois   ∞          Reflect  .   (no helmet)
rElec   +          Harm     .   n - scarf {shadows}
rCorr   .          Rampage  +   k - +0 pair of gloves
Will    .....                   p - +0 pair of boots
Stlth   +.........              (no amulet)
HPRegen 0.17/turn               (no ring)
MPRegen 0.14/turn               (no ring)

@: glowing
A: sickness immunity, AC +6, negative energy resistance 1, electricity
resistance, torment resistance 1, petrification resistance
a: Renounce Religion, Divine Shield


You were in a bailey.
You worshipped the Shining One.
The Shining One was aware of your devotion.
You visited 2 branches of the dungeon, and saw 8 of its levels.
You also visited: Bailey.

You collected 539 gold pieces.

Inventory:

Hand Weapons
 d - a +0 dagger
 h - a +1 long sword (weapon)
 q - the +8 rapier "Hydraslayer" {flame, Stlth+}
   (You found it on level 6 of the Dungeon)

   It burns those it strikes, dealing additional fire damage.
   Stlth:     It makes you more stealthy.
 A - a +1 rapier of venom
Missiles
 c - 131 stones
 B - 15 boomerangs
Armour
 b - a +0 robe
 f - a +0 ring mail
 g - the +0 robe of the Saviour {rElec rF- MP+9 Dex+7}
   (You found it on level 3 of the Dungeon)

   Dex:       It affects your dexterity (+7).
   rF:        It makes you vulnerable to fire.
   rElec:     It insulates you from electricity.
   MP:        It affects your magic capacity (+9).
 i - a +0 scale mail
 k - a +0 pair of gloves (worn)
 l - a +0 leather armour
 m - a +0 cloak
 n - a scarf of shadows (worn)
 o - a +1 buckler (worn)
 p - a +0 pair of boots (worn)
 w - the +1 ring mail of the Eternal Void (worn) {Rampage rElec Dex-2}
   (You found it on level 7 of the Dungeon)

   Dex:       It affects your dexterity (-2).
   rElec:     It insulates you from electricity.
   Rampage:   It bestows one free step when moving towards enemies.
 z - a +2 chain mail of fire resistance
Wands
 j - a wand of digging (3)
 y - a wand of acid (10)
Scrolls
 e - 2 scrolls of vulnerability
 r - a scroll of teleportation
 s - a scroll of fear
 u - a scroll of enchant weapon
 v - a scroll of enchant armour
Potions
 a - a potion of attraction
 t - a potion of haste {unknown}
 x - a potion of brilliance {unknown}


   Skills:
 * Level 4.7 Fighting
 + Level 3.1 Long Blades
 + Level 3.3 Armour
 + Level 3.0 Dodging
 + Level 2.4 Stealth
 + Level 0.9 Shields
 + Level 4.5 Spellcasting
 * Level 5.4 Conjurations
 - Level 0.7 Transmutations
 + Level 6.7 Earth Magic
 * Level 4.7 Invocations


You had 13 spell levels left.
You knew the following spells:

 Your Spells              Type           Power      Damage    Failure   Level
a - Sandblast             Erth           56%        2d13      2%          1
b - Stone Arrow           Conj/Erth      50%        3d10      10%         3

Your spell library contained the following spells:

 Spells                   Type           Power      Damage    Failure   Level
 Passwall                 Tmut/Erth      14%        N/A       12%         2
 Wereblood                Tmut           6%         N/A       38%         2
 Ensorcelled Hibernation  Hex/Ice        8%         N/A       50%         2
 Petrify                  Tmut/Erth      17%        N/A       63%         4
 Inner Flame              Hex/Fire       4%         N/A       75%         3
 Swiftness                Air            4%         N/A       75%         3
 Cause Fear               Hex            2%         N/A       98%         4
 Summon Hydra             Summ           2%         N/A       100%        7
 Discord                  Hex            2%         N/A       100%        8
 Sublimation of Blood     Necr           Unusable   N/A       N/A         2

Dungeon Overview and Level Annotations

Branches:
Dungeon (7/15)             Temple (1/1) D:4          Bailey (1/1)

Altars:
Ashenzari
Cheibriados
Elyvilon
Fedhas
Gozag
Hepliaklqana
Kikubaaqudgha
Makhleb
Okawaru
Qazlal
Ru
Uskayaw
Vehumet
Wu Jian
Xom
Yredelemnul
Zin
The Shining One


Innate Abilities, Weirdness & Mutations

You are immune to sickness and miasma.
Your stone body is resilient. (AC +6)
You are immune to poison.
You resist negative energy. (rN+)
You are resistant to electric shocks. (rElec)
You are resistant to unholy torment.
You are immune to petrification.


Message History

The orc warrior hits you but does no damage.
Casting: Stone Arrow (dangerous; 10% risk of failure)
Confirm with . or Enter, or press ? or * to list all spells.
You don't have enough magic to cast this spell.
Unknown command.
Aiming: Corrosive Bolt
Press: ? - help, Shift-Dir - straight line, p - orc knight The bolt of acid hits the orc warrior!
The acid corrodes the orc warrior!
You kill the orc warrior!
The bolt of acid hits the orc knight!
The orc knight is heavily wounded.
Unknown command.
Aiming: Corrosive Bolt
Press: ? - help, Shift-Dir - straight line The bolt of acid hits the orc knight!
The orc knight seems to be corroded for longer.
The orc knight is heavily wounded.
The orc knight hits you with a +0 broad axe!!
Unknown command.
Casting: Stone Arrow (dangerous; 10% risk of failure)
Confirm with . or Enter, or press ? or * to list all spells.
You don't have enough magic to cast this spell.
Unknown command.
Casting: Stone Arrow (dangerous; 10% risk of failure)
Confirm with . or Enter, or press ? or * to list all spells.
Aiming: Stone Arrow (dangerous; 10% risk of failure)
Press: ? - help, Shift-Dir - straight line, f - orc knight
Aim: an orc knight, wielding a +0 broad axe and wearing a +0 chain mail (heavily wounded, covered in acid, haloed, 78% to hit)
The stone arrow hits the orc knight!
The orc knight is severely wounded.
The orc knight hits you with a +0 broad axe!
* * * LOW HITPOINT WARNING * * *
Aiming: Corrosive Bolt
Press: ? - help, Shift-Dir - straight line, f/p - orc knight
Aim: an orc knight, wielding a +0 broad axe and wearing a +0 chain mail (severely wounded, covered in acid, haloed, 78% to hit)
The bolt of acid hits the orc knight!
The orc knight seems to be corroded for longer.
The orc knight is almost dead.
The orc knight hits you with a +0 broad axe!
You die...

#...# #...# #.).#
####)).####
##≈.......≈##
#####≈≈.......≈≈##
#....≈≈.......≈≈..
#.###≈≈.......≈≈##
#....≈≈....@..≈≈..
#.###≈≈....o..≈≈##
#....≈≈.......≈≈..
#.###≈≈.......≈≈##
#....≈≈.......≈≈..
#.###≈≈.......≈≈##
#....≈≈)......≈≈..
#####≈≈.......≈≈##
##≈....)..≈##


You could see an orc knight (corroded).

Vanquished Creatures
  Eustachio (D:4)
  An ice beast (D:7)
  3 orc warriors (Bailey)
  A sky beast (D:7)
  A black bear (D:7)
  A hornet zombie (D:7)
  A necrophage (D:7)
  2 ogres
  A centaur (D:7)
  Blork the orc (D:6)
  A phantom (D:6)
  4 kobold brigands (Bailey)
  A gnoll sergeant (D:5)
  A scorpion (D:6)
  A water moccasin zombie (D:5)
  A howler monkey (D:7)
  A bullfrog zombie (D:6)
  4 hounds
  Crazy Yiuf (D:3)
  4 orc priests (D:6)
  A bullfrog skeleton (D:7)
  2 iguanas (D:6)
  A hound skeleton (D:4)
  A howler monkey zombie (D:7)
  5 gnolls (D:5)
  A howler monkey skeleton (D:6)
  2 adders
  A shadow imp (D:5)
  A white imp (D:7)
  A worm (D:4)
  2 dart slugs
  5 orcs
  5 bats
  An endoplasm (D:3)
  A giant cockroach (D:1)
  8 goblins
  8 hobgoblins
  2 ball pythons
  4 frilled lizards
  11 kobolds
  2 rats
97 creatures vanquished.

Notes
Turn   | Place    | Note
-------+----------+-------------------------------------------
     0 | D:1      | Cykl0x the Gargoyle Earth Elementalist began the quest for
                  | the Orb.
     0 | D:1      | Reached XP level 1. HP: 10/10 MP: 3/3
    57 | D:1      | Found a faded altar of an unknown god.
   198 | D:1      | Reached XP level 2. HP: 16/16 MP: 3/5
   847 | D:2      | Reached skill level 4 in Earth Magic
  1337 | D:3      | Reached XP level 3. HP: 20/20 MP: 2/6
  1341 | D:3      | Learned a level 3 spell: Stone Arrow
  1611 | D:3      | Identified the +0 robe of the Saviour {rElec rF- MP+9
                  | Dex+7}
  2175 | D:3      | Reached skill level 1 in Conjurations
  2233 | D:3      | Found a runed translucent door.
  2234 | D:3      | Noticed Crazy Yiuf
  2405 | D:3      | Killed Crazy Yiuf
  2406 | D:3      | Reached skill level 1 in Fighting
  2406 | D:3      | Reached XP level 4. HP: 25/25 MP: 6/7
  2488 | D:4      | Noticed an ogre
  2492 | D:4      | Noticed Eustachio
  2494 | D:4      | Killed an ogre
  2495 | D:4      | Reached XP level 5. HP: 30/30 MP: 0/9
  2746 | D:4      | Killed Eustachio
  2747 | D:4      | Reached skill level 1 in Long Blades
  2747 | D:4      | Reached skill level 5 in Earth Magic
  2747 | D:4      | Reached XP level 6. HP: 21/35 MP: 9/11
  3619 | D:4      | Found a staircase to the Ecumenical Temple.
  3627 | Temple   | Entered the Ecumenical Temple
  3812 | Temple   | Became a worshipper of the Shining One
  4206 | D:5      | Entered Level 5 of the Dungeon
  4412 | D:5      | Reached XP level 7. HP: 40/40 MP: 12/12
  4504 | D:5      | Reached skill level 1 in Invocations
  5217 | D:5      | The Shining One protects you from harm!
  5967 | D:6      | Found a radiant altar of Vehumet.
  6015 | D:6      | Reached skill level 1 in Armour
  6067 | D:6      | Noticed Blork the orc
  6071 | D:6      | Killed Blork the orc
  6320 | D:6      | Reached XP level 8. HP: 46/46 MP: 6/13
  6602 | D:6      | Reached * piety under the Shining One
  6692 | D:6      | Identified the +8 rapier "Hydraslayer" {flame, Stlth+}
  6746 | D:6      | Reached skill level 6 in Earth Magic
  7391 | D:7      | Found a stormy altar of Qazlal.
  7478 | D:7      | Identified the +1 ring mail of the Eternal Void {Rampage
                  | rElec Dex-2}
  7639 | D:7      | Found a flagged portal.
  7646 | D:7      | Reached skill level 5 in Conjurations
  7648 | D:7      | Reached XP level 9. HP: 30/52 MP: 3/15
  7678 | Bailey   | Entered a bailey
  8247 | Bailey   | Noticed an orc knight
  8269 | Bailey   | Slain by an orc knight

Illustrated notes

Levels and vault maps discovered:
D:1:      minmay_arrival_up_and_down, layout_loops_ring,
          shapermc_ecumenical_altar_acropolis
D:2:      layout_rooms, minmay_misc_feat_columns
D:3:      layout_loops_cross, uniq_crazy_yiuf_cottage
D:4:      layout_loops_corners, minmay_temple_entry_mist, uniq_eustachio
D:5:      layout_layer_cave
D:6:      layout_loops_ring, mainiacjoe_overflow_alcove_1, minivault_27,
          uniq_blork_the_orc
D:7:      layout_basic, lemuel_doored_altar, overflow_temple_1_default,
          enter_bailey_5, grunt_ministairs_2
Temple:   eino_temple_scatter_basement
Bailey:   bailey_axe_3, bailey

Skill      XL: |  1  2  3  4  5  6  7  8  9 |
---------------+----------------------------+-----
Earth Magic    | 4 5 6 |  6.7
Conjurations   | 1 3 4 5 |  5.4
Fighting       | 1 2 3 4 |  4.7
Spellcasting   | 3 4 |  4.5
Long Blades    | 1 2 3 |  3.1
Dodging        | 2 3 |  3.0
Invocations    | 2 4 |  4.7
Armour         | 2 3 |  3.3
Stealth        | |  2.4
Shields        | |  0.9
Transmutations | |  0.7

Action                   |  1- 3 |  4- 6 |  7- 9 || total
-------------------------+-------+-------+-------++-------
Melee: Unarmed           |     2 |       |       ||     2
       Long sword        |     4 |    20 |   111 ||   135
       Dagger            |     1 |       |       ||     1
       Punch             |       |     1 |     2 ||     3
 Cast: Sandblast         |    34 |     5 |    18 ||    57
       Stone Arrow       |    11 |    34 |    68 ||   113
Evoke: Wand              |       |       |     6 ||     6
  Use: Scroll            |     4 |     1 |     6 ||    11
       Potion            |       |       |     4 ||     4
Armor: Robe              |     8 |    29 |       ||    37
       Leather armour    |       |       |    52 ||    52
       Ring mail         |       |       |    57 ||    57
Dodge: Dodged            |    11 |    44 |   135 ||   190
Block: Buckler           |       |       |    27 ||    27
